 Dungeon Crawl Stone Soup version 0.20-a0-903-g7e3609c (webtiles) character file.

404 Firecrotchwizard the Chopper (level 6, -7/56 HPs)
             Began as a Minotaur Berserker on Mar 20, 2017.
             Was a Priest of Trog.
             Mangled by a two-headed ogre
             ... wielding a +0 giant spiked club
              (14 damage)
             ... on level 5 of the Dungeon on Mar 21, 2017.
             The game lasted 00:06:50 (3989 turns).

Firecrotchwizard the Chopper (Minotaur Berserker)   Turns: 3989, Time: 00:06:51

Health: -7/56      AC: 10    Str: 21    XL:     6   Next: 56%
Magic:  5/5        EV:  9    Int:  4    God:    Trog [***...]
Gold:   268        SH:  0    Dex: 12    Spells: 5/5 levels left

rFire    . . .     SeeInvis .   v - +0 war axe
rCold    . . .     Gourm    .   j - +0 chain mail
rNeg     . . .     Faith    .   (no shield)
rPois    .         Spirit   .   A - +1 hat
rElec    .         Reflect  .   (no cloak)
rCorr    .         Harm     .   (no gloves)
MR       .....                  (no boots)
Stlth    ..........             (no amulet)
Regen    0.2/turn               f - ring of wizardry
MPRegen  0.1/turn               g - ring of stealth

@: no status effects
A: retaliatory headbutt, horns 2
a: Berserk, Trog's Hand, Burn Spellbooks, Renounce Religion


You were on level 5 of the Dungeon.
You worshipped Trog.
Trog was most pleased with you.
You were not hungry.

You visited 1 branch of the dungeon, and saw 5 of its levels.

You collected 268 gold pieces.

Inventory:

Hand Weapons
 a - a +0 hand axe
 v - a +0 war axe (weapon)
Missiles
 u - 2 tomahawks (quivered)
Armour
 b - a +0 animal skin
 e - a +0 buckler
 j - a +0 chain mail (worn)
 A - a +1 hat (worn)
Jewellery
 f - a ring of wizardry (right hand)
 g - a ring of stealth (left hand)
Scrolls
 d - 6 scrolls of identify {unknown}
 i - 2 scrolls of enchant weapon {unknown}
 m - 3 scrolls of teleportation {unknown}
 n - a scroll of random uselessness {unknown}
 p - 4 scrolls of fog {unknown}
 q - a scroll of enchant armour {unknown}
 s - 4 scrolls of amnesia {unknown}
 w - a scroll of magic mapping {unknown}
 x - a scroll of blinking {unknown}
 y - 2 scrolls of remove curse {unknown}
Potions
 h - a potion of curing {unknown}
 k - 3 potions of lignification
 l - a potion of haste {unknown}
 o - a potion of resistance {unknown}
 r - a potion of invisibility {unknown}
 B - a potion of heal wounds {unknown}
Comestibles
 c - 3 bread rations
 t - 2 royal jellies
 z - a chunk of flesh


   Skills:
 + Level 5.1 Fighting
 * Level 6.2 Axes
 + Level 4.4 Armour
 + Level 3.8 Dodging


You had 5 spell levels left.
You didn't know any spells.

Dungeon Overview and Level Annotations

Branches:
Dungeon (5/15)
 Temple: D:4-7

Altars:
Makhleb
Sif Muna
Wu Jian
Xom
Yredelemnul


Innate Abilities, Weirdness & Mutations

You reflexively headbutt those who attack you in melee.
You have a pair of horns on your head.


Message History

You closely miss the two-headed ogre.
The two-headed ogre hits you with a giant spiked club!!
* * * LOW HITPOINT WARNING * * *
The two-headed ogre hits you with a giant club.
* * * LOW HITPOINT WARNING * * *
You hit the two-headed ogre but do no damage.
You headbutt the two-headed ogre, but do no damage.
The two-headed ogre barely misses you. You furiously retaliate!
You headbutt the two-headed ogre.
The two-headed ogre hits you with a giant club.
* * * LOW HITPOINT WARNING * * *
Your chain mail prevents you from hitting the two-headed ogre.
The two-headed ogre is lightly wounded.
The two-headed ogre closely misses you.
The two-headed ogre hits you but does no damage.
You hit the two-headed ogre.
Your headbutt misses the two-headed ogre.
The two-headed ogre is lightly wounded.
The two-headed ogre hits you with a giant spiked club!
You die...

################
#............@.#
.#####.######O#
#.# .#
#.#####.##### .#
............# .#
#..####.###.# .#
#...###.###.##.#
........##...#.#
#...###........#


You could see a two-headed ogre.

Vanquished Creatures
  An ogre (D:4)
  A scorpion (D:4)
  An iguana (D:4)
  An orc wizard (D:4)
  2 hound skeletons
  7 adders
  2 adder skeletons (D:4)
  4 worms
  A dart slug (D:2)
  A leopard gecko (D:1)
  17 orcs
  8 giant cockroaches
  3 goblins
  8 hobgoblins
  10 jackals
  3 quokkas
  3 ball pythons
  6 bats
  7 frilled lizards
  8 kobolds
  9 rats
103 creatures vanquished.

Notes
Turn   | Place    | Note
-------+----------+-------------------------------------------
     0 | D:1      | Firecrotchwizard the Minotaur Berserker began the quest for the Orb.
     0 | D:1      | Reached XP level 1. HP: 19/19 MP: 0/0
   284 | D:1      | Reached XP level 2. HP: 20/27 MP: 1/1
   300 | D:1      | Reached skill level 4 in Axes
  1117 | D:2      | Reached XP level 3. HP: 33/33 MP: 2/2
  1213 | D:2      | Reached ** piety under Trog
  1541 | D:2      | Reached XP level 4. HP: 40/40 MP: 3/3
  1788 | D:2      | Found a deep blue altar of Sif Muna.
  1987 | D:3      | Found an ornate altar of the Wu Jian Council.
  1987 | D:3      | Found a burning altar of Makhleb.
  2108 | D:3      | Reached skill level 5 in Axes
  2294 | D:3      | Reached *** piety under Trog
  2306 | D:3      | Reached XP level 5. HP: 37/47 MP: 4/4
  2645 | D:3      | Found a basalt altar of Yredelemnul.
  2979 | D:4      | Noticed an ogre
  2990 | D:4      | Killed an ogre
  2990 | D:4      | Reached XP level 6. HP: 25/53 MP: 5/5
  3119 | D:4      | Reached skill level 5 in Fighting
  3119 | D:4      | Reached skill level 6 in Axes
  3142 | D:4      | HP: 2/56 [poisoned by an orc]
  3147 | D:4      | HP: 3/84 [poisoned by an orc]
  3577 | D:4      | Found a shimmering altar of Xom.
  3950 | D:5      | Entered Level 5 of the Dungeon
  3983 | D:5      | Noticed a two-headed ogre
  3989 | D:5      | Mangled by a two-headed ogre

Vault maps used:
D:1:      dpeg_arrival_chase
D:2:      lemuel_blue_sif_altar, first_bread
D:3:      gammafunk_temple_overflow_elements, lemuel_statue_altar
D:4:      brannock_xom_greatest_gift
D:5:      kennysheep_mini, nicolae_overflow_hidden_temple, kennysheep_path_1

Skill      XL: |  1  2  3  4  5  6 |
---------------+-------------------+-----
Axes           | 4 5 6 |  6.2
Armour         | 3 4 |  4.4
Fighting       | 4 5 |  5.1
Dodging        | 3 |  3.8

Action                   |  1- 3 |  4- 6 || total
-------------------------+-------+-------++-------
Melee: Hand axe          |    85 |    86 ||   171
       Headbutt          |    14 |    27 ||    41
       War axe           |       |    73 ||    73
Throw: Tomahawk          |       |     2 ||     2
Invok: Trog's Hand       |       |     2 ||     2
       Berserk           |       |     1 ||     1
  Use: Potion            |       |     1 ||     1
  Eat: Chunk             |     2 |     7 ||     9
       Fruit             |       |     3 ||     3
Armor: Animal skin       |     5 |       ||     5
       Chain mail        |    29 |    90 ||   119
Dodge: Dodged            |    45 |    79 ||   124
